[Event "Titled Tuesday Blitz May 30 Early 2023"]
[White "Begunov, Konstantin"]
[Black "Kiremitciyan, Ari"]
[WhiteFideId "4118510"]
[BlackFideId "6373445"]
[WhiteElo "2050"]
[BlackElo "2181"]
[Result "1-0"]
[Round "07"]
[TimeControl "180+2"]
[Date "2023.05.30"]
[WhiteClock "0:00:40"]
[BlackClock "0:00:00"]

1. d4 Nf6 2. c4 e6 3. Nf3 d5 4. Nc3 Be7 5. cxd5 exd5 6. Bg5 c6 7. Qc2 g6 8. e3 Bf5 9. Bd3 Bxd3 10. Qxd3 Nbd7 11. O-O O-O 12. Rab1 a5 13. a3 Ne4 14. Bh6 Nxc3 15. bxc3 Re8 16. Rxb7 Bxa3 17. c4 Bb4 18. cxd5 cxd5 19. Qb5 Nf6 20. Bg5 Be7 21. Ne5 Ne4 22. Nc6 Bxg5 23. Nxd8 Rexd8 24. Rd7 Nc3 25. Qc6 Rdc8 26. Rc7 Rxc7 27. Qxa8+ Kg7 28. Qxa5 1-0


[Site "https://www.chess.com"]

[Event "Titled Tuesday Blitz May 30 Early 2023"]
[White "Budrewicz, Krzysztof"]
[Black "Erzhanov, Arman"]
[WhiteFideId "1127950"]
[BlackFideId "4138821"]
[WhiteElo "2230"]
[BlackElo "2138"]
[Result "1-0"]
[Round "07"]
[TimeControl "180+2"]
[Date "2023.05.30"]
[WhiteClock "0:00:23"]
[BlackClock "0:00:08"]

1. d4 d6 2. e4 Nf6 3. Bd3 e5 4. c3 d5 5. exd5 e4 6. Be2 Qxd5 7. c4 Qa5+ 8. Nc3 Nc6 9. Be3 Bf5 10. a3 Bg6 11. b4 Qf5 12. h3 h5 13. g4 Qd7 14. g5 Ng8 15. Qd2 a5 16. b5 Nd8 17. h4 Bf5 18. c5 Ne6 19. O-O-O b6 20. Na4 Rd8 21. d5 Nxc5 22. Nxc5 Bxc5 23. Bxc5 bxc5 24. Qc3 Ne7 25. Qxg7 Rg8 26. Qc3 Nxd5 27. Qe5+ Qe6 28. Qxe6+ fxe6 29. Nh3 Bg4 30. Ng1 Nf4 31. Rxd8+ Kxd8 32. Bxg4 hxg4 33. Kd2 Nd3 34. Rh2 Ne5 35. Ke3 Nc4+ 36. Kxe4 Nxa3 37. Ne2 Nxb5 38. Nf4 Ke7 39. g6 Nd6+ 40. Ke5 Nc4+ 41. Ke4 Nd6+ 42. Kd3 c4+ 43. Kc3 e5 44. Nd5+ Ke6 45. Nxc7+ Kd7 46. Nd5 Rxg6 47. h5 Rh6 48. Ne3 Ne4+ 49. Kxc4 Nf6 50. Rh1 Ke6 51. Rb1 Rh8 52. Rb6+ Kf7 53. Rb7+ Ke6 54. Ra7 Kd6 55. Ra6+ Ke7 56. Rxa5 Ke6 57. Ra6+ Kf7 58. Ra7+ Ke6 59. Rg7 Rc8+ 60. Kd3 Rh8 61. Rg6 Kf7 62. Nf5 Nxh5 63. Ra6 Nf4+ 64. Ke4 Re8 65. Nd6+ Ke7 66. Nxe8 Kxe8 67. Kxe5 Nd3+ 68. Ke6 Nxf2 69. Ra8# 1-0


[Site "https://www.chess.com"]

[Event "Titled Tuesday Blitz May 30 Early 2023"]
[White "Ryan, Joseph"]
[Black "ATM622"]
[WhiteFideId "2500426"]
[WhiteElo "2446"]
[BlackElo "2546"]
[Result "0-1"]
[Round "07"]
[TimeControl "180+2"]
[Date "2023.05.30"]
[WhiteClock "0:00:00"]
[BlackClock "0:00:01"]

1. e4 c6 2. Nc3 d5 3. Nf3 dxe4 4. Nxe4 Nf6 5. Qe2 Nxe4 6. Qxe4 Qd5 7. Bd3 Qxe4+ 8. Bxe4 Nd7 9. d4 Nf6 10. Bd3 Bg4 11. Ne5 Be6 12. c3 g6 13. Be3 Bg7 14. f4 O-O 15. O-O Rfd8 16. Rae1 Nd5 17. Bc1 Rac8 18. a3 c5 19. c4 Nf6 20. d5 Bf5 21. Bxf5 gxf5 22. Re2 b5 23. b3 bxc4 24. bxc4 Ne4 25. g4 e6 26. gxf5 exf5 27. Be3 Nd6 28. Bf2 Bxe5 29. fxe5 Nxc4 30. d6 f6 31. Bh4 fxe5 32. Bxd8 Rxd8 33. Rxf5 Rxd6 34. Rg2+ Rg6 35. Rxg6+ hxg6 36. Rf6 Nxa3 37. Rxg6+ Kf7 38. Ra6 Nb5 39. Ra5 a6 40. Rxa6 Nd4 41. Kf2 c4 42. Ra7+ Ke6 43. Rc7 Kd5 44. h4 c3 45. h5 c2 46. Rxc2 Nxc2 47. h6 Kd4 48. h7 e4 49. h8=Q+ Kd3 50. Qd8+ Nd4 51. Qd7 e3+ 52. Kg3 Ke4 53. Qe7+ Kd3 54. Qh7+ Kd2 55. Qd7 Kd3 56. Qh7+ Kd2 57. Qd7 Kd3 58. Kg2 e2 59. Kf2 Kc3 0-1


[Site "https://www.chess.com"]

[Event "Titled Tuesday Blitz May 30 Early 2023"]
[White "Kubicka, Anna"]
[Black "Marn, Jan"]
[WhiteFideId "1152254"]
[BlackFideId "14619245"]
[WhiteElo "2144"]
[BlackElo "2242"]
[Result "0-1"]
[Round "07"]
[TimeControl "180+2"]
[Date "2023.05.30"]
[WhiteClock "0:00:00"]
[BlackClock "0:00:28"]

1. e4 e5 2. Nf3 Nc6 3. Bc4 Bc5 4. c3 Nf6 5. d3 d6 6. O-O h6 7. h3 Bb6 8. a4 a5 9. Nbd2 Ne7 10. d4 Nc6 11. Bb5 O-O 12. Bxc6 bxc6 13. dxe5 dxe5 14. Nxe5 Qe8 15. Ndf3 Nxe4 16. Qe2 Nd6 17. Be3 Ba6 18. c4 f6 19. Bxb6 cxb6 20. Qd3 Rd8 21. Ng6 Bxc4 22. Qc2 Bxf1 23. Nxf8 Bxg2 24. Qh7+ Kxf8 25. Kxg2 Kf7 26. Re1 Qd7 27. Nh4 Re8 28. Qg6+ Kg8 29. Rd1 Re5 30. f4 Rd5 31. Rxd5 cxd5 32. Qd3 Ne4 33. f5 Kh7 34. Qf3 Qc7 35. Qg4 Qc2+ 0-1


[Site "https://www.chess.com"]

[Event "Titled Tuesday Blitz May 30 Early 2023"]
[White "Staudenhocker43"]
[Black "Dinu, Dumitru-Daniel"]
[BlackFideId "1208403"]
[WhiteElo "2526"]
[BlackElo "2240"]
[Result "1/2-1/2"]
[Round "07"]
[TimeControl "180+2"]
[Date "2023.05.30"]
[WhiteClock "0:00:13"]
[BlackClock "0:00:12"]

1. d4 Nf6 2. c4 e6 3. Nc3 Bb4 4. e3 O-O 5. Bd2 d5 6. Nf3 b6 7. cxd5 exd5 8. Rc1 Bb7 9. Nb5 Bxd2+ 10. Nxd2 c6 11. Nc3 Nbd7 12. Bd3 Re8 13. O-O Qe7 14. h3 Nf8 15. Re1 Ne6 16. Nf3 Nd7 17. e4 dxe4 18. Bxe4 Nf6 19. Bf5 Qd6 20. Qd2 Rad8 21. Bxe6 Rxe6 22. Rxe6 Qxe6 23. Re1 Qd6 24. Qe3 h6 25. a3 Re8 26. Qd2 Rxe1+ 27. Qxe1 c5 28. dxc5 Qxc5 29. Qe2 Qc6 30. Ne1 Nd5 31. Nxd5 Qxd5 32. f3 Qd4+ 33. Qf2 Qd6 34. Qe2 Qd4+ 35. Kh2 Qf4+ 36. Kh1 Bd5 37. Nd3 Qf6 38. Ne5 Qe6 39. Qe3 f6 40. Ng4 h5 41. Qxe6+ Bxe6 42. Ne3 Kf7 43. Kg1 Ke7 44. Kf2 Kd6 45. f4 Kc5 46. f5 Bf7 47. Kf3 Kd4 48. g4 hxg4+ 49. hxg4 Kd3 50. b4 Kc3 51. Ke4 Kb3 52. Kd4 Kxa3 53. Kc3 Ka4 54. Nc2 a5 55. bxa5 bxa5 56. Nd4 Ka3 57. Ne6 g6 58. Nd8 Be8 59. Nb7 gxf5 60. gxf5 Ka4 61. Nd6 Bd7 62. Kb2 Kb4 63. Ne4 a4 64. Nxf6 a3+ 65. Ka1 Bxf5 66. Nd5+ Kb3 67. Ne3 Bd3 68. Nd5 Bc4 69. Ne3 Bb5 70. Nd5 Ba4 71. Ne3 Be8 72. Nd5 Bf7 73. Ne3 Kc3 74. Nf5 Be6 75. Nd6 Bd5 76. Nb7 Kd4 77. Na5 Kc5 78. Nb3+ Bxb3 79. Kb1 Kb4 80. Ka1 Kc3 81. Kb1 Bc2+ 82. Ka1 Kb4 83. Ka2 Bd3 84. Ka1 Ka4 85. Ka2 Bb5 86. Ka1 Kb3 87. Kb1 Kc3 88. Ka1 Kb4 89. Kb1 Bd3+ 90. Ka1 Bc4 91. Kb1 Ka4 92. Ka1 Kb3 93. Kb1 a2+ 94. Ka1 Bd3 1/2-1/2


[Site "https://www.chess.com"]

[Event "Titled Tuesday Blitz May 30 Early 2023"]
[White "Horak, Martin"]
[Black "Hajiyev, Kanan"]
[WhiteFideId "367095"]
[BlackFideId "13404148"]
[WhiteElo "2091"]
[BlackElo "2103"]
[Result "0-1"]
[Round "07"]
[TimeControl "180+2"]
[Date "2023.05.30"]
[WhiteClock "0:00:02"]
[BlackClock "0:00:53"]

1. e4 c6 2. Ne2 d5 3. e5 c5 4. d4 Nc6 5. c3 Bg4 6. f3 Bf5 7. g4 Bxb1 8. Rxb1 e6 9. a3 cxd4 10. cxd4 Qh4+ 11. Ng3 h5 12. Be3 hxg4 13. fxg4 Nh6 14. Be2 Nxg4 15. Bxg4 Qxg3+ 16. hxg3 Rxh1+ 17. Kf2 Rxd1 18. Rxd1 Rc8 19. b4 a5 20. b5 Ne7 21. b6 Rc2+ 22. Rd2 Rc6 23. Rb2 Nc8 24. Be2 Rxb6 25. Rc2 Kd7 26. a4 Na7 27. Bh5 g6 28. Be2 Rb4 29. Bd2 Rxa4 30. Rb2 Bb4 31. Bd1 Ra1 32. Bxb4 axb4 33. Be2 Nc6 34. Bb5 Rd1 35. Rxb4 Kc7 36. Bxc6 Kxc6 37. Ra4 b5 38. Ra7 Rxd4 39. Rxf7 Re4 40. Rf6 Rxe5 41. Rxg6 b4 42. Rg8 b3 43. Rb8 Rf5+ 44. Ke2 Rg5 45. Kf2 Rf5+ 46. Ke2 Re5+ 47. Kf2 Kc5 48. Rxb3 Kc4 49. Rf3 d4 50. g4 d3 51. Rf8 d2 52. Rd8 Kc3 53. Rd6 Rd5 54. Rc6+ Kd3 55. Rxe6 d1=Q 56. Re3+ Kd2 57. g5 Rf5+ 58. Kg3 Kxe3 59. g6 Qf3+ 60. Kh4 Rh5# 0-1


[Site "https://www.chess.com"]

[Event "Titled Tuesday Blitz May 30 Early 2023"]
[White "Alexikov, Alexander"]
[Black "Ginzburg, Yakov"]
[WhiteFideId "14103958"]
[BlackFideId "4157176"]
[WhiteElo "2186"]
[BlackElo "2305"]
[Result "0-1"]
[Round "07"]
[TimeControl "180+2"]
[Date "2023.05.30"]
[WhiteClock "0:01:14"]
[BlackClock "0:01:16"]

1. e4 c5 2. Nf3 e6 3. d4 cxd4 4. Nxd4 Nf6 5. Nc3 Nc6 6. g3 d5 7. exd5 Nxd5 8. Nxc6 bxc6 9. Bg2 Ba6 10. Ne4 Nb4 11. a3 Qxd1+ 12. Kxd1 O-O-O+ 13. Bd2 Nd5 14. Re1 Be7 15. Kc1 Rd7 16. b3 f5 17. Ng5 Bf6 18. Rb1 Nc3 19. Rxe6 Rxd2 20. Rxc6+ Kd7 21. Kxd2 Nxb1+ 22. Ke3 Bxg5+ 23. Kd4 Bb7 0-1


[Site "https://www.chess.com"]

[Event "Titled Tuesday Blitz May 30 Early 2023"]
[White "Makhmudov, Shukhrat"]
[Black "surrenderPLS"]
[WhiteFideId "14200775"]
[WhiteElo "2135"]
[BlackElo "2504"]
[Result "0-1"]
[Round "07"]
[TimeControl "180+2"]
[Date "2023.05.30"]
[WhiteClock "0:00:55"]
[BlackClock "0:01:21"]

1. e4 c5 2. Nf3 Nc6 3. d4 cxd4 4. Nxd4 Nf6 5. Nc3 e5 6. Ndb5 d6 7. Bg5 a6 8. Na3 b5 9. Bxf6 gxf6 10. Nd5 f5 11. Bxb5 axb5 12. Nxb5 Bb7 13. Nbc7+ Kd7 14. Qh5 Ne7 15. Qxf7 Rc8 16. Qe6+ Kc6 17. Nxe7+ Qxe7 18. Qc4+ Kd7 19. O-O-O Rxc7 20. Qb5+ Bc6 21. Qa5 Bxe4 22. c3 Bh6+ 23. Rd2 Bxd2+ 24. Kxd2 Qg5+ 0-1


[Site "https://www.chess.com"]

[Event "Titled Tuesday Blitz May 30 Early 2023"]
[White "Mika, Tomasz"]
[Black "Matveeva, Olga"]
[WhiteFideId "1132970"]
[BlackFideId "24107018"]
[WhiteElo "2179"]
[BlackElo "2009"]
[Result "1-0"]
[Round "07"]
[TimeControl "180+2"]
[Date "2023.05.30"]
[WhiteClock "0:02:04"]
[BlackClock "0:00:36"]

1. d4 Nf6 2. Bf4 g6 3. Nc3 d5 4. e3 Bg7 5. h4 c6 6. Be2 Nbd7 7. h5 Nxh5 8. Bxh5 gxh5 9. Qxh5 Nb6 10. b3 Be6 11. Nf3 c5 12. Nb5 Rc8 13. Nxa7 cxd4 14. Nxd4 Bxd4 15. exd4 Ra8 16. Nb5 Rc8 17. O-O Qd7 18. a4 Bg4 19. Qh6 Rc6 20. Qg7 Rf8 21. Bh6 Rxh6 22. Qxh6 Qf5 23. Qxb6 1-0


[Site "https://www.chess.com"]

[Event "Titled Tuesday Blitz May 30 Early 2023"]
[White "Tanmay Jain"]
[Black "Shtompel, Yuriy"]
[WhiteFideId "45015481"]
[BlackFideId "14168278"]
[WhiteElo "2032"]
[BlackElo "1844"]
[Result "1-0"]
[Round "07"]
[TimeControl "180+2"]
[Date "2023.05.30"]
[WhiteClock "0:02:05"]
[BlackClock "0:01:21"]

1. Nf3 Nf6 2. Nc3 g6 3. e4 d6 4. g3 Bg7 5. Bg2 O-O 6. O-O Nbd7 7. d3 c5 8. h3 Rb8 9. Be3 b5 10. Qd2 b4 11. Ne2 a5 12. Bh6 e6 13. Bxg7 Kxg7 14. Nh4 d5 15. exd5 exd5 16. Qg5 Ne5 17. Qxe5 Re8 18. Qxb8 1-0


[Site "https://www.chess.com"]

[Event "Titled Tuesday Blitz May 30 Early 2023"]
[White "Llanos, Guillermo"]
[Black "Toncheva, Nadya"]
[WhiteFideId "100358"]
[BlackFideId "2924056"]
[WhiteElo "2225"]
[BlackElo "2101"]
[Result "0-1"]
[Round "07"]
[TimeControl "180+2"]
[Date "2023.05.30"]
[WhiteClock "0:00:04"]
[BlackClock "0:00:05"]

1. Nf3 c5 2. g3 Nc6 3. Bg2 g6 4. O-O Bg7 5. c4 e5 6. Ne1 Nge7 7. Nc2 d5 8. cxd5 Nxd5 9. Nc3 Be6 10. Nxd5 Bxd5 11. Bxd5 Qxd5 12. Ne3 Qd7 13. Rb1 O-O 14. a3 f5 15. Qb3+ Kh8 16. Qd5 Qe7 17. b4 f4 18. Nc4 cxb4 19. axb4 fxg3 20. hxg3 Nd4 21. Re1 Qf6 22. Qg2 Rac8 23. d3 e4 24. Nb2 Rc2 25. Kf1 Nf5 26. dxe4 Rxc1 27. exf5 Rxe1+ 28. Kxe1 Qc3+ 29. Kf1 Qc2 30. Rd1 gxf5 31. Qxb7 Qxb2 32. Rd7 f4 33. g4 f3 34. exf3 Qb1+ 35. Kg2 Qg6 36. Qxa7 h5 37. Qc7 hxg4 38. f4 Qe4+ 39. Kg1 Qxf4 40. Qc5 Qh6 41. b5 g3 42. fxg3 Qg6 43. Qd6 Qb1+ 44. Kg2 Qf1+ 45. Kh2 Rf2# 0-1


[Site "https://www.chess.com"]

[Event "Titled Tuesday Blitz May 30 Early 2023"]
[White "mohsengabr2002"]
[Black "Balla, Tamas-Kristof"]
[BlackFideId "1208497"]
[WhiteElo "2264"]
[BlackElo "2334"]
[Result "0-1"]
[Round "07"]
[TimeControl "180+2"]
[Date "2023.05.30"]
[WhiteClock "0:01:24"]
[BlackClock "0:02:04"]

1. e4 c5 2. d3 Nc6 3. Nd2 g6 4. g3 Bg7 5. Ngf3 d6 6. Bg2 e6 7. O-O Nge7 8. c3 O-O 9. Qe2 Rb8 10. Nc4 b5 11. Ne3 b4 12. Bd2 a5 13. Rfd1 Ba6 14. Bf1 d5 15. exd5 exd5 16. Qe1 d4 17. Nc4 Nf5 18. Be2 Re8 19. cxb4 Bxc4 20. dxc4 d3 21. Bf4 Rxe2 22. Qf1 Rxb4 23. Ne5 Bxe5 0-1


[Site "https://www.chess.com"]

[Event "Titled Tuesday Blitz May 30 Early 2023"]
[White "Liu, Xiangyi"]
[Black "Bashirli, Saadat"]
[WhiteFideId "8605718"]
[BlackFideId "13429990"]
[WhiteElo "2323"]
[BlackElo "1408"]
[Result "1-0"]
[Round "07"]
[TimeControl "180+2"]
[Date "2023.05.30"]
[WhiteClock "0:00:39"]
[BlackClock "0:00:51"]

1. e4 c5 2. Nc3 g6 3. d4 cxd4 4. Qxd4 Nf6 5. Bc4 Nc6 6. Qe3 d6 7. Bd2 Bg7 8. O-O-O a6 9. Bb3 Na5 10. h4 Nxb3+ 11. axb3 h5 12. f3 b5 13. Nge2 Bd7 14. Kb1 a5 15. e5 dxe5 16. Qxe5 Rb8 17. Bf4 O-O 18. Qxb8 Qxb8 19. Bxb8 Rxb8 20. Nf4 Bf5 21. Nfd5 Kf8 22. Ne3 b4 23. Nxf5 bxc3 24. Nxg7 cxb2 25. Rhe1 Rb7 26. Ne6+ fxe6 27. Rxe6 Kf7 28. Ra6 Rb5 29. Kxb2 Rb4 30. g3 Rb5 31. Rd3 g5 32. hxg5 Rxg5 33. f4 Rf5 34. Re3 Ng4 35. Re2 Rc5 36. Ra7 Nf6 37. Raxe7+ Kg6 38. R7e5 Rc7 39. Rxa5 Ng4 40. Rg5+ Kf6 41. Rxh5 Ra7 42. Rg5 Nh6 43. g4 Nf7 44. Rf5+ Kg7 45. Re6 Nd8 46. Ref6 Rd7 47. g5 Nb7 48. g6 Nd8 49. Rf7+ Nxf7 50. Rxf7+ Rxf7 51. gxf7 Kxf7 52. b4 Kf6 53. b5 Kf5 54. b6 Kxf4 55. b7 Ke5 56. b8=Q+ Ke4 57. Qb5 Kf3 58. c4 Kg2 59. c5 Kh1 60. c6 Kh2 61. c7 Kh3 62. c8=Q+ Kg3 63. Qcc4 Kf2 64. Ka3 Kg3 65. Qbb3+ Kf2 66. Qcc2+ Ke1 67. Qbb1# 1-0


[Site "https://www.chess.com"]

[Event "Titled Tuesday Blitz May 30 Early 2023"]
[White "Jovic, Stanoje"]
[Black "Camilla_Lee"]
[WhiteFideId "905020"]
[WhiteElo "2236"]
[BlackElo "2655"]
[Result "1-0"]
[Round "07"]
[TimeControl "180+2"]
[Date "2023.05.30"]
[WhiteClock "0:01:13"]
[BlackClock "0:00:08"]

1. c4 c6 2. e4 d5 3. exd5 cxd5 4. cxd5 Nf6 5. Qa4+ Nbd7 6. Bc4 g6 7. d3 Bg7 8. Nc3 O-O 9. Nf3 Nb6 10. Qb3 Bg4 11. Ne5 Bf5 12. O-O Nfd7 13. Nxd7 Qxd7 14. Be3 Qd6 15. Nb5 Qd7 16. Nxa7 Rxa7 17. Bxb6 Raa8 18. Rfe1 Bf6 19. a4 Kg7 20. a5 Qd6 21. Qa3 Qxa3 22. bxa3 Bxa1 23. Rxa1 Bd7 24. Re1 Rfe8 25. f3 e5 26. Kf2 f5 27. Rb1 Kf6 28. Bc7 Ra7 29. Rb6+ Kg5 30. Rd6 Ba4 31. g3 e4 32. dxe4 fxe4 33. f4+ Kf5 34. Ke3 Bc2 35. Be2 h5 36. h3 1-0


[Site "https://www.chess.com"]

[Event "Titled Tuesday Blitz May 30 Early 2023"]
[White "Vlassov, Nikolai"]
[Black "Fiedorek, Michal"]
[WhiteFideId "4103360"]
[BlackFideId "1199528"]
[WhiteElo "2324"]
[BlackElo "2135"]
[Result "1-0"]
[Round "07"]
[TimeControl "180+2"]
[Date "2023.05.30"]
[WhiteClock "0:00:37"]
[BlackClock "0:00:00"]

1. e4 c6 2. d4 d5 3. e5 Bf5 4. Nc3 e6 5. g4 Bg6 6. Nge2 f6 7. Nf4 Bf7 8. Qe2 Qd7 9. Bh3 fxe5 10. dxe5 Na6 11. Nd3 Nb4 12. f4 h5 13. g5 O-O-O 14. O-O Bg6 15. f5 Bxf5 16. Bxf5 exf5 17. e6 Qc7 18. Rxf5 Nxd3 19. cxd3 Bc5+ 20. Kh1 Ne7 21. Rf7 Rdf8 22. Bf4 Bd6 23. Nb5 cxb5 24. Rc1 Nc6 25. Rxc7+ Kxc7 26. Bxd6+ Kxd6 27. Re1 Re8 28. h4 Re7 29. Qh2+ Kc5 30. Rc1+ Kb6 31. Qd6 Rhe8 32. Re1 Rd8 33. Qf4 Rde8 34. Qf5 d4 35. a3 Nd8 36. b4 Nxe6 37. a4 Nc7 38. Qc5+ Ka6 39. axb5+ 1-0


[Site "https://www.chess.com"]

[Event "Titled Tuesday Blitz May 30 Early 2023"]
[White "KorolDimitriy75"]
[Black "Pinheiro, Iung Alicio de O."]
[BlackFideId "2104350"]
[WhiteElo "2410"]
[BlackElo "2283"]
[Result "0-1"]
[Round "07"]
[TimeControl "180+2"]
[Date "2023.05.30"]
[WhiteClock "0:00:05"]
[BlackClock "0:00:13"]

1. d4 Nf6 2. c4 e6 3. Nc3 Bb4 4. Qc2 Nc6 5. Nf3 d6 6. e4 Bxc3+ 7. bxc3 e5 8. Ba3 Qe7 9. d5 Nb8 10. Bd3 O-O 11. O-O Nbd7 12. Nd2 Nh5 13. Rae1 g6 14. g3 Ndf6 15. f4 Bh3 16. Rf3 Bg4 17. Rf2 Nd7 18. Bf1 exf4 19. gxf4 Qh4 20. Qd3 Nc5 21. Bxc5 dxc5 22. e5 Rae8 23. Ne4 Bf5 24. Qf3 Bxe4 25. Rxe4 f5 26. Ree2 b6 27. Qe3 Qd8 28. Bg2 Kh8 29. Qf3 Ng7 30. Kh1 Qh4 31. Qg3 Qe7 32. Qf3 Nh5 33. Qe3 Qh4 34. Qf3 Rg8 35. Rf1 g5 36. fxg5 Rxg5 37. Ref2 Reg8 38. Bh3 Ng3+ 39. hxg3 Rxg3 40. Qxf5 Rxh3+ 41. Qxh3 Qxh3+ 42. Rh2 Qxf1# 0-1


[Site "https://www.chess.com"]

[Event "Titled Tuesday Blitz May 30 Early 2023"]
[White "Do Nascimento,Christian Almeida"]
[Black "Toktomushev, Teimur"]
[WhiteFideId "2143801"]
[BlackFideId "14176726"]
[WhiteElo "2118"]
[BlackElo "2116"]
[Result "1-0"]
[Round "07"]
[TimeControl "180+2"]
[Date "2023.05.30"]
[WhiteClock "0:01:19"]
[BlackClock "0:00:00"]

1. d4 d5 2. Nf3 Nf6 3. Bf4 c5 4. e3 Nc6 5. c3 Qb6 6. Qc1 Bf5 7. Be2 e6 8. h3 h6 9. O-O Be7 10. Nbd2 O-O 11. Ne5 Rfc8 12. Ndf3 Qa5 13. Nxc6 Rxc6 14. Ne5 Rcc8 15. a3 Qd8 16. Bf3 b5 17. Re1 b4 18. axb4 cxb4 19. c4 a5 20. c5 a4 21. Qd2 Qa5 22. g4 Be4 23. Be2 Bh7 24. Bf3 Be4 25. Be2 Bh7 26. f3 Ne8 27. Nd3 b3 28. Qxa5 Rxa5 29. Ra3 Rca8 30. Rea1 f6 31. Nc1 e5 32. Bg3 exd4 33. exd4 1-0


[Site "https://www.chess.com"]

[Event "Titled Tuesday Blitz May 30 Early 2023"]
[White "Gatterer, Florian"]
[Black "ArrestingPieces"]
[WhiteFideId "811688"]
[WhiteElo "2221"]
[BlackElo "2521"]
[Result "1/2-1/2"]
[Round "07"]
[TimeControl "180+2"]
[Date "2023.05.30"]
[WhiteClock "0:00:22"]
[BlackClock "0:00:21"]

1. b3 e5 2. Bb2 Nc6 3. c4 Nf6 4. Nf3 e4 5. Nd4 d5 6. e3 Nxd4 7. Bxd4 c5 8. Bxf6 Qxf6 9. Nc3 d4 10. Nxe4 Qg6 11. Ng3 Bd6 12. Be2 O-O 13. O-O f5 14. Bh5 Qf6 15. Bf3 g6 16. Bd5+ Kg7 17. f4 dxe3 18. dxe3 Re8 19. Qf3 Rb8 20. Rad1 Re7 21. e4 Bc7 22. e5 Qa6 23. h4 Be6 24. Bxe6 Qxe6 25. Rd5 b5 26. cxb5 Rxb5 27. Rfd1 Rb8 28. Qd3 Qb6 29. Qc4 Qb4 30. Rd7 Re8 31. h5 Qxc4 32. bxc4 Ba5 33. R1d3 Kf7 34. R3d6 Rxd7 35. Rxd7+ Re7 36. Rxe7+ Kxe7 37. hxg6 hxg6 38. Ne2 Bd2 39. Kf2 Kd7 40. Kf3 Ke6 41. g3 g5 42. Ng1 g4+ 43. Ke2 Bc3 44. Kd1 Bd4 45. Ne2 Bf2 46. Kc2 Kd7 47. Kb3 Kc6 48. Ka4 Be1 49. Kb3 a6 50. Ka4 Kd7 51. Kb3 Kc6 52. Ka4 Kd7 53. Kb3 Kc6 1/2-1/2


[Site "https://www.chess.com"]

[Event "Titled Tuesday Blitz May 30 Early 2023"]
[White "robertoalejandro10"]
[Black "Manukian, Artak"]
[BlackFideId "13301373"]
[WhiteElo "2513"]
[BlackElo "2130"]
[Result "1/2-1/2"]
[Round "07"]
[TimeControl "180+2"]
[Date "2023.05.30"]
[WhiteClock "0:01:15"]
[BlackClock "0:01:10"]

1. Nf3 g6 2. c4 Bg7 3. g3 d6 4. Bg2 c5 5. O-O Nc6 6. Nc3 e5 7. b3 Nge7 8. Bb2 Bg4 9. h3 Bd7 10. e3 Qc8 11. Kh2 Nf5 12. Rb1 O-O 13. Nd5 Re8 14. d4 exd4 15. exd4 Nfxd4 16. Nxd4 Nxd4 17. Bxd4 Bxd4 18. b4 Bc6 19. bxc5 dxc5 20. Re1 Bxd5 21. Bxd5 Qf5 22. f4 Rxe1 23. Qxe1 Rb8 24. Rxb7 Rxb7 25. Bxb7 Qc2+ 26. Kh1 Qxa2 27. Bd5 Qa1 28. Qxa1 Bxa1 29. Kg2 a5 30. Bc6 Kf8 31. Kf3 Ke7 32. Ke4 Kd6 33. Ba4 f5+ 34. Kf3 Bd4 35. h4 Ke7 36. Bb5 Kf6 37. Ba4 Kg7 38. Be8 Bc3 39. Ba4 Be1 40. Bb5 Kf6 41. Ba4 Ke7 42. Bb5 Kf6 43. Ba4 h6 44. Bb5 g5 45. hxg5+ hxg5 46. Bd7 Bd2 47. Ba4 Ke6 48. Bb5 Kd6 49. Ba4 Ke6 50. Bb5 Kf6 1/2-1/2


[Site "https://www.chess.com"]

[Event "Titled Tuesday Blitz May 30 Early 2023"]
[White "Baches Garcia, Guillermo"]
[Black "Dwilewicz, Katarzyna"]
[WhiteFideId "2209764"]
[BlackFideId "1148486"]
[WhiteElo "2510"]
[BlackElo "2065"]
[Result "1-0"]
[Round "07"]
[TimeControl "180+2"]
[Date "2023.05.30"]
[WhiteClock "0:00:14"]
[BlackClock "0:00:03"]

1. e4 c5 2. Nf3 d6 3. d4 cxd4 4. Nxd4 Nf6 5. Nc3 a6 6. Be3 e6 7. g4 b5 8. g5 Nfd7 9. a3 Be7 10. h4 Bb7 11. Qh5 O-O 12. O-O-O Nc5 13. Bg2 Qa5 14. Kb1 b4 15. axb4 Qxb4 16. f4 Nc6 17. Nxc6 Bxc6 18. Rd4 Qb7 19. f5 e5 20. Rd5 Rab8 21. Bc1 Na4 22. Nxa4 Bxa4 23. f6 Bd8 24. fxg7 Re8 25. Bh3 Bb6 26. Bf5 Kxg7 27. Qxh7+ Kf8 28. g6 Bd4 29. c3 Bxc3 30. Bh6+ Ke7 31. Qxf7+ Kd8 32. Bg5+ Re7 33. Qf8+ Be8 34. Bxe7+ Qxe7 35. g7 Rxb2+ 36. Kc1 Bd4 37. Rxd6+ Kc7 38. Qxe7+ Kb8 39. Rd8# 1-0


[Site "https://www.chess.com"]

[Event "Titled Tuesday Blitz May 30 Early 2023"]
[White "Sargissyan, Sargis"]
[Black "Ladan, Nicholas"]
[WhiteFideId "13303210"]
[BlackFideId "30918855"]
[WhiteElo "2109"]
[BlackElo "2167"]
[Result "0-1"]
[Round "07"]
[TimeControl "180+2"]
[Date "2023.05.30"]
[WhiteClock "0:00:01"]
[BlackClock "0:00:07"]

1. e4 e5 2. Nf3 Nc6 3. Bb5 a6 4. Ba4 Nge7 5. c3 Ng6 6. d4 Bd6 7. h4 h5 8. Bg5 Be7 9. Bxc6 dxc6 10. dxe5 Qxd1+ 11. Kxd1 Bg4 12. Bxe7 Kxe7 13. Nd2 Nxe5 14. Kc2 Bxf3 15. gxf3 Ng6 16. Nf1 Nf4 17. Ne3 g6 18. Rad1 Rad8 19. Rhg1 Rxd1 20. Rxd1 a5 21. c4 Ke6 22. c5 Ke7 23. b3 Ne6 24. Nc4 Ra8 25. Ne5 Nxc5 26. Rd4 a4 27. b4 Ke6 28. f4 Na6 29. Nf3 f6 30. e5 c5 31. bxc5 Nxc5 32. exf6 Kxf6 33. Ng5 Ne6 34. Re4 Nxg5 35. fxg5+ Kf5 36. Rc4 c6 37. Kc3 Ra5 38. Kb4 Re5 39. Rc3 Re4+ 40. Kc5 Rxh4 41. Kb6 Rb4+ 42. Kc7 Kxg5 43. a3 Rb3 0-1


[Site "https://www.chess.com"]

[Event "Titled Tuesday Blitz May 30 Early 2023"]
[White "Novikova, Galina"]
[Black "Jegorovas, Aleksandras"]
[WhiteFideId "4157095"]
[BlackFideId "12801950"]
[WhiteElo "1953"]
[BlackElo "2247"]
[Result "1-0"]
[Round "07"]
[TimeControl "180+2"]
[Date "2023.05.30"]
[WhiteClock "0:01:11"]
[BlackClock "0:01:21"]

1. e4 e6 2. Nf3 d5 3. e5 c5 4. b4 c4 5. c3 a5 6. b5 Bc5 7. d4 cxd3 8. Bxd3 Nd7 9. O-O f6 10. Qc2 fxe5 11. Bxh7 Ngf6 12. Bg6+ Kf8 13. Ng5 Qe7 14. Be3 Bd6 15. f4 exf4 16. Bxf4 Bxf4 17. Rxf4 Ne5 18. Nd2 Nxg6 19. Qxg6 Rh6 20. Rxf6+ Qxf6 21. Nh7+ Rxh7 22. Qxh7 Qxc3 23. Rf1+ Ke7 24. Qg8 Qd4+ 25. Kh1 Qxd2 26. Qf8+ Kd7 27. Rf7# 1-0


[Site "https://www.chess.com"]

[Event "Titled Tuesday Blitz May 30 Early 2023"]
[White "Yurasova, Daria"]
[Black "Silvestre, Christian"]
[WhiteFideId "34146919"]
[BlackFideId "30956269"]
[WhiteElo "2109"]
[BlackElo "2366"]
[Result "1-0"]
[Round "07"]
[TimeControl "180+2"]
[Date "2023.05.30"]
[WhiteClock "0:02:29"]
[BlackClock "0:00:00"]

1. d4 Nf6 2. Bg5 c6 3. Bxf6 gxf6 4. e3 e5 5. g3 d5 6. Bg2 Bd6 7. Ne2 e4 8. Nd2 Nd7 9. O-O f5 10. c4 Nf6 11. Nc3 Be6 12. cxd5 cxd5 13. a3 h5 14. b4 h4 15. Nb3 Ng4 16. h3 Nf6 17. Nc5 Ke7 18. Nxb7 Qg8 19. Nxd6 Kxd6 20. Nb5+ Ke7 21. Qc2 hxg3 22. Qc7+ Kf8 23. Qd6+ 1-0


[Site "https://www.chess.com"]

[Event "Titled Tuesday Blitz May 30 Early 2023"]
[White "cristianserban1"]
[Black "Martin Alvarez, Inigo"]
[BlackFideId "2259354"]
[WhiteElo "2487"]
[BlackElo "2358"]
[Result "0-1"]
[Round "07"]
[TimeControl "180+2"]
[Date "2023.05.30"]
[WhiteClock "0:00:16"]
[BlackClock "0:01:17"]

1. Nf3 g6 2. g3 Bg7 3. Bg2 Nf6 4. d3 O-O 5. O-O d6 6. e4 e5 7. Ne1 Bd7 8. a4 Qc8 9. b3 Bh3 10. Bb2 Bxg2 11. Nxg2 Qh3 12. f3 Nc6 13. Nd2 Nh5 14. g4 Nf6 15. Qe1 h5 16. g5 Nh7 17. f4 exf4 18. Bxg7 Kxg7 19. Nf3 Ne5 20. Qc3 Rae8 21. Nxf4 Qg4+ 22. Ng2 Kg8 23. Nxe5 Rxe5 24. Rf4 Qh3 25. Raf1 Rxg5 26. R1f2 Rc5 27. Qd2 Ng5 28. d4 Rc6 29. c4 Qxb3 0-1


[Site "https://www.chess.com"]